 Dungeon Crawl Stone Soup version 0.31-a0-986-g5e6e4ef867 (webtiles) character file.

Game seed: 7515829508902852597

116 fleeber the Slasher (level 5, -12/38 HPs)
             Began as a Merfolk Gladiator on Nov 21, 2023.
             Was a Follower of Qazlal.
             Mangled by an ogre
             ... wielding a +0 giant spiked club
              (25 damage)
             ... on level 4 of the Dungeon.
             The game lasted 00:05:51 (2380 turns).

fleeber the Slasher (Merfolk Gladiator)             Turns: 2380, Time: 00:05:52

Health: -12/38     AC:  6    Str: 14    XL:     5   Next: 0%
Magic:  5/5        EV: 13    Int:  8    God:    Qazlal [*.....]
Gold:   51         SH:  1    Dex: 17    Spells: 4/4 levels left

rFire   . . .        a - +0 long sword
rCold   . . .        (no shield)
rNeg    . . .        b - +0 leather armour
rPois   .            c - +0 helmet
rElec   .            y - +0 cloak
rCorr   .            v - +0 pair of gloves
SInv    .            (no boots)
Will    +....        t - amulet of regeneration
Stlth   +            w - ring of willpower
HPRegen 1.06/turn    (no ring)
MPRegen 0.09/turn

%: no passive effects
@: no status effects
A: (nimble swimmer 2), mertail
a: Renounce Religion


You were on level 4 of the Dungeon.
You worshipped Qazlal.
Qazlal was aware of your devotion.
You visited 1 branch of the dungeon, and saw 4 of its levels.

You collected 100 gold pieces.
You spent 49 gold pieces at shops.

Inventory:

Hand Weapons
 a - a +0 long sword (weapon)
Missiles
 d - 3 throwing nets
 e - a javelin
 i - 29 stones (quivered)
Armour
 b - a +0 leather armour (worn)
 c - a +0 helmet (worn)
 v - a +0 pair of gloves (worn)
 y - a +0 cloak (worn)
Jewellery
 t - an amulet of regeneration (around neck)
 w - a ring of willpower (left hand)
Scrolls
 g - a scroll of butterflies {unknown}
 j - a scroll of immolation {unknown}
 l - a scroll of noise {unknown}
 m - 3 scrolls of identify {unknown}
 r - a scroll of teleportation {unknown}
 s - a scroll of torment {unknown}
 x - a scroll of enchant weapon {unknown}
Potions
 h - a potion of lignification {unknown}
 k - a potion of haste {unknown}
 n - a potion of curing {unknown}
 o - a potion of ambrosia {unknown}
 p - 2 potions of heal wounds {unknown}
 q - 2 potions of magic {unknown}
 u - a potion of might {unknown}


   Skills:
 - Level 2.1 Fighting
 + Level 6.6 Long Blades
 - Level 2.0 Throwing
 - Level 4.0 Dodging


You had 4 spell levels left.
You didn't know any spells.
Your spell library contained the following spells:

 Spells                   Type           Power      Damage    Failure   Level
 Apportation              Tloc           0%         N/A       50%         1
 Necrotise                Necr           0%         1d4       50%         1
 Summon Small Mammal      Summ           0%         N/A       50%         1
 Call Canine Familiar     Summ           0%         N/A       86%         3
 Sigil of Binding         Hex            0%         N/A       86%         3
 Dimensional Bullseye     Hex/Tloc       0%         N/A       99%         4
 Leda's Liquefaction      Hex/Erth       0%         N/A       99%         4


Dungeon Overview and Level Annotations

Branches:
Dungeon (4/15)             Temple (0/1) D:4

Altars:
Cheibriados
Qazlal
Ru
Sif Muna
Vehumet
Wu Jian

Shops:
D:4 *


Innate Abilities, Weirdness & Mutations

((You are very nimble when in or above water. (Stealth+, EV+, Speed+++)))
Your lower body shifts to a powerful aquatic tail in water.


Message History

You open the door.
There is an open door here.
You open the door.
There is an open door here.
There is an open door here.
There is a stone staircase leading down here.
i - 29 stones (gained 6)
An ogre is nearby!
Okay, then.
You aren't carrying any items that you can evoke.
Okay, then.
You hit the ogre but do no damage. The ogre closely misses you.
You barely miss the ogre. You slash the ogre!
The ogre is moderately wounded.
The ogre closely misses you.
You hit the ogre.
The ogre is heavily wounded.
The ogre misses you.
You barely miss the ogre.
The ogre is heavily wounded.
The ogre closely misses you.
You slash the ogre!
The ogre is almost dead.
You hit the ogre but do no damage.
The ogre is almost dead.
The ogre hits you with a +0 giant spiked club!!
Ouch! That really hurt!
* * * LOW HITPOINT WARNING * * *
You are too injured to fight recklessly!
You hit the ogre.
The ogre is almost dead.
The ogre barely misses you.
You barely miss the ogre.
The ogre is almost dead.
You hit the ogre.
The ogre is almost dead.
The ogre hits you with a +0 giant spiked club!!
Ouch! That really hurt!
You die...

............##.#...#.# #..# #..#
.....................# #<.# #..#
..########...#.#...#.####.###..#
..# #...>........[........#
#.########..........##....###..#
.........#...###.###..#.###....#
#.######.#.#.# #.#.....###.....#
#.# #.#.#.# #O#.#...)∩.....##
#.######.#.#.###@#.#...###....#
......................#.###..##
..######.#.#.#####'####.# ####
### #...#.........##.#
#.#.#.........##.#
#.#.#.........##.#########
#.#.#.........'...........
########.#.#.........##.#########
.........#.#.........##.#


You could see an ogre.

Vanquished Creatures
  6 adders
  3 dart slugs
  2 orcs (D:3)
  3 bats (D:1)
  3 endoplasms (D:3)
  2 giant cockroaches
  9 goblins
  6 hobgoblins
  A quokka (D:3)
  3 ball pythons
  4 frilled lizards
  9 kobolds
  3 rats
54 creatures vanquished.

Notes
Turn   | Place    | Note
-------+----------+-------------------------------------------
     0 | D:1      | fleeber the Merfolk Gladiator began the quest for the Orb.
     0 | D:1      | Reached XP level 1. HP: 16/16 MP: 1/1
    48 | D:1      | Reached skill level 4 in Long Blades
    53 | D:1      | Reached XP level 2. HP: 22/22 MP: 2/2
   488 | D:2      | Reached XP level 3. HP: 25/27 MP: 3/3
   510 | D:2      | Found a stormy altar of Qazlal.
   521 | D:2      | Reached skill level 5 in Long Blades
   538 | D:2      | Became a worshipper of Qazlal Stormbringer
  1403 | D:3      | Reached XP level 4. HP: 33/33 MP: 4/4
  1517 | D:3      | Reached skill level 6 in Long Blades
  1527 | D:3      | Found a faded altar of an unknown god.
  1686 | D:3      | Found a shimmering blue altar of Sif Muna.
  1686 | D:3      | Found a radiant altar of Vehumet.
  1692 | D:3      | Found a snail-covered altar of Cheibriados.
  1695 | D:3      | Found a sacrificial altar of Ru.
  1788 | D:3      | Reached * piety under Qazlal
  2075 | D:4      | Noticed an ogre
  2108 | D:4      | Found Cisas's Neck Hole.
  2114 | D:4      | Bought a +0 cloak for 49 gold pieces
  2207 | D:4      | Found an ornate altar of the Wu Jian Council.
  2251 | D:4      | Reached XP level 5. HP: 38/38 MP: 5/5
  2287 | D:4      | Found a staircase to the Ecumenical Temple.
  2380 | D:4      | Mangled by an ogre

Illustrated notes

Levels and vault maps discovered:
D:1:      ncdulo_watergridlock, layout_rooms
D:2:      kennysheep_the_goblin_king, layout_loops_corners, basic_altar,
          st_stairs_2, solitary_fountain
D:3:      layout_rooms, nicolae_overflow_macrodata_refinement,
          shapermc_ecumenical_altar_ellora, serial_curves, eino_curves_02,
          eino_curves_02, dk_noncrumbling_4
D:4:      gammafunk_wand_slinger, layout_basic, nicolae_overflow_crystal_walls,
          temple_green, gammafunk_ghost_grave, kennysheep_cross_room,
          nicolae_shop_sticking_my_neck_out

Skill      XL: |  1  2  3  4 |
---------------+-------------+-----
Long Blades    | 4 5 6 |  6.6
Fighting       | |  2.1
Throwing       | |  2.0
Dodging        | |  4.0

Action                     |  1- 3 |  4- 6 || total
---------------------------+-------+-------++-------
  Melee: Long sword        |    92 |    74 ||   166
  Throw: Stone             |       |     5 ||     5
   Stab: Sleeping          |     1 |       ||     1
 Armour: Leather armour    |    40 |    34 ||    74
  Dodge: Dodged            |    66 |    44 ||   110
  Block: Other             |       |     3 ||     3

Table legend: (Time is in decaauts)
 A = Elapsed time spent in this place.
 B = Non-inter-level travel time spent in this place.
 C = Inter-level travel time spent in this place.
 D = Time resting spent in this place.
 E = Time spent auto-exploring this place.
 F = Levels seen in this place.
 G = Mean time per level.
                   A        B        C        D        E       F      G
               +--------+--------+--------+--------+--------+-----+--------+
         Total |   2398 |   2302 |     96 |     25 |   1787 |   4 |  599.5 |
       Dungeon |   2398 |   2302 |     96 |     25 |   1787 |   4 |  599.5 |
               +--------+--------+--------+--------+--------+-----+--------+

Top non-repeatable levels by time:
     D:2: 931 daAuts
     D:3: 705 daAuts
     D:1: 473 daAuts
     D:4: 287 daAuts
